AoeStats
← Calops

Arena

512686460Analyzed
3v3 RM · 7d ago on Oct 10, 2026· 37m 25s· 6 players
Game mode
Random Map
Map size
Normal (6 player)
Population
200
Speed
Normal
Resources
Standard
Victory
Conquest
Starting age
Dark Age
Ending age
Imperial Age
RankedLock teamsTeams togetherTeam positionsShared explorationLock speedFull tech treeHidden civsTurbo modeCheats
Victory
Defeat
🇺🇸 Britons · United States
1211
+16
🇨🇳 Persians · China
1163
+18
🇺🇾 Franks · Uruguay
1139
+19
vs
🇧🇷 Britons · Brazil
1237
-19
🇧🇷 Khmer · Brazil
1201
-17
🇧🇷 Ethiopians · Brazil
1200
-17
DesveMX
6:03 Loom
12:33 Feudal Age
13:06 Town Watch
13:31 Double-Bit Axe
16:22 Castle Age
14:53 Double-Bit Axe
20:46 Gold Mining
25:06 Bow Saw
27:57 Wheelbarrow
30:58 Imperial Age
28:18 Town Watch
29:03 Scale Barding Armor
31:21 Forging
31:33 Chain Barding Armor
31:28 Cavalier
32:10 Husbandry
34:54 Plate Barding Armor
34:55 Iron Casting
35:08 Conscription
36:01 Hand Cart
37:55 Blast Furnace
36:46 Paladin
DoomedOyster
9:57 Feudal Age
12:58 Double-Bit Axe
16:53 Castle Age
15:06 Stone Mining
15:31 Horse Collar
18:27 Bow Saw
19:43 Heavy Plow
21:45 Loom
24:56 Fletching
27:13 Wheelbarrow
30:59 Imperial Age
30:26 Hand Cart
29:39 Pikeman
30:21 Squires
30:47 Ballistics
30:26 Bodkin Arrow
31:24 Yeomen
32:55 Chemistry
31:50 Crossbowman
32:44 Arbalester
33:34 Bracer
33:35 Padded Archer Armor
33:38 Scale Mail Armor
33:49 Forging
36:26 Leather Archer Armor
36:13 Elite Skirmisher
gagqayha336764
9:40 Feudal Age
13:55 Castle Age
12:01 Double-Bit Axe
12:15 Horse Collar
13:09 Gold Mining
14:47 Bow Saw
17:53 Wheelbarrow
19:59 Hand Cart
23:37 Town Watch
26:47 Imperial Age
25:16 Gold Shaft Mining
24:31 Stone Mining
24:45 Heavy Plow
25:21 Scale Barding Armor
25:27 Forging
25:36 Loom
25:52 Town Patrol
27:17 Chain Barding Armor
27:32 Iron Casting
27:43 Stone Shaft Mining
27:33 Husbandry
27:44 Bloodlines
27:52 Bloodlines
27:23 Cavalier
29:28 Crop Rotation
30:12 Plate Barding Armor
30:38 Blast Furnace
30:33 Savar
31:56 Fletching
33:15 Bodkin Arrow
36:14 Conscription
36:11 Masonry
37:04 Chemistry
36:51 Devotion
Calops
7:20 Loom
SAGRADO
11:16 Feudal Age
15:28 Castle Age
13:54 Double-Bit Axe
13:51 Horse Collar
15:15 Bloodlines
17:54 Bow Saw
20:40 Loom
21:35 Wheelbarrow
27:11 Imperial Age
24:54 Gold Mining
25:50 Stone Mining
27:07 Scale Barding Armor
27:40 Heavy Plow
28:35 Husbandry
28:59 Chain Barding Armor
29:22 Conscription
30:50 Double Crossbow
32:28 Elite Battle Elephant
34:28 Plate Barding Armor
34:25 Light Cavalry
35:44 Hussar
37:11 Forging
37:02 Scale Mail Armor
BrUcToR
10:08 Feudal Age
12:06 Double-Bit Axe
14:46 Castle Age
12:51 Horse Collar
13:06 Gold Mining
13:08 Stone Mining
14:03 Gold Mining
17:48 Wheelbarrow
19:42 Loom
20:34 Town Watch
21:16 Heavy Plow
23:08 Bow Saw
24:46 Hand Cart
28:30 Imperial Age
26:45 Gold Shaft Mining
26:47 Ballistics
26:46 Fletching
27:19 Padded Archer Armor
27:34 Bodkin Arrow
27:31 Crossbowman
29:23 Leather Archer Armor
29:38 Yeomen
28:41 Arbalester
29:48 Bracer
30:20 Conscription
31:44 Ring Archer Armor
32:24 Chemistry
Connection lost

Rejoining the realm…

Still unreachable

The connection could not be restored.

Session expired

The server has moved on; the page needs a fresh start.